 Dungeon Crawl Stone Soup version 0.19-a0-1002-g674d22e (webtiles) character file.

44 mistymad the Skirmisher (level 3, 0/30 HPs)
             Began as a Formicid Abyssal Knight on July 18, 2016.
             Was a Follower of Lugonu.
             Slain by a worm (7 damage)
             ... on level 2 of the Dungeon.
             The game lasted 00:02:42 (1649 turns).

mistymad the Skirmisher (Formicid Abyssal Knight)   Turns: 1649, Time: 00:02:42

Health: 0/30       AC:  5    Str: 17    XL:     3   Next: 85%
Magic:  4/4        EV: 10    Int: 11    God:    Lugonu [*.....]
Gold:   56         SH:  0    Dex: 10    Spells: 0 memorised, 2 levels left

rFire  . . .     SeeInvis +     a - +1 hand axe
rCold  . . .     Gourm    .     d - +0 ring mail
rNeg   + . .     Faith    .     (no shield)
rPois  .         Spirit   .     (helmet unavailable)
rElec  .         Dismiss  .     (no cloak)
rCorr  .         Reflect  .     (no gloves)
SustAt .         Harm     .     (no boots)
MR     .....                    (no amulet)
Stlth  ..........               (no ring)
                                b - ring of positive energy

@: not resistant to hostile enchantments, extremely unstealthy
A: permanent stasis, dig shafts and tunnels, four strong arms, antennae 3
a: Dig, Shaft Self, Depart the Abyss, Renounce Religion


You were on level 2 of the Dungeon.
You worshipped Lugonu.
Lugonu was aware of your devotion.
You were not hungry.

You visited 1 branch of the dungeon, and saw 2 of its levels.
You visited the Abyss 1 time.

You collected 56 gold pieces.

Inventory:

Hand Weapons
 a - a +1 hand axe (weapon)
Armour
 d - a +0 ring mail (worn)
Jewellery
 b - a ring of positive energy (left hand)
Scrolls
 f - a scroll of blinking {unknown}
 h - a scroll of identify {unknown}
 k - 2 scrolls of remove curse {unknown}
Potions
 e - a potion of degeneration {unknown}
 g - a potion of curing {unknown}
 i - a potion of heal wounds {unknown}
 m - 2 potions of invisibility {unknown}
 n - a potion of mutation {unknown}
Comestibles
 c - 3 bread rations
 j - a meat ration
 l - a slice of pizza
 o - a chunk of flesh


   Skills:
 + Level 3.7 Fighting
 + Level 2.8 Axes
 + Level 3.1 Armour
 - Level 0.8 Dodging
 - Level 2.1 Invocations


You had 2 spell levels left.
You didn't know any spells.

Dungeon Overview and Level Annotations

Branches:
Dungeon (2/15)

Altars:


Innate Abilities, Weirdness & Mutations

You are under a permanent stasis effect.
You can dig through walls and to a lower floor.
Your four strong arms can wield two-handed weapons with a shield.
You have a pair of large antennae on your head. (SInv)


Message History

You are too injured to fight recklessly!
You are too injured to fight recklessly!
You are too injured to fight recklessly!
You are too injured to fight recklessly!
Unknown command.
You barely miss the worm.
The worm is heavily wounded.
You hit the giant gecko. The giant gecko bites you.
* * * LOW HITPOINT WARNING * * *
The worm closely misses you.
The giant gecko bites you but does no damage.
You take 3 damage, and have 6/30 hp.
There is an open door here.
You hit the giant gecko.
You kill the giant gecko!
Lugonu accepts your kill.
You hit the worm.
The worm is heavily wounded.
The worm bites you!
You die...

#. #.# ####.###
#......##
#......)#
#.......#
#.......#
####......<#
#.w@......##
#......##......#
....... #.######
...#... #.# ##
#.## #.# .. #..
{ #. ### #.


You could see a worm.

Vanquished Creatures
  An ooze (D:1)
  A dart slug (D:1)
  2 giant geckos
  6 bats (D:1)
  A giant cockroach (D:1)
  3 goblins (D:1)
  7 hobgoblins (D:1)
  5 jackals (D:1)
  A giant newt (D:1)
  A kobold (D:1)
  4 rats (D:1)
32 creatures vanquished.

Notes
Turn   | Place    | Note
-------+----------+-------------------------------------------
     0 | Abyss:1  | mistymad the Formicid Abyssal Knight began the quest for the Orb.
     0 | Abyss:1  | Reached XP level 1. HP: 18/18 MP: 2/2
    91 | Abyss:1  | Noticed a hellwing
   141 | Abyss:1  | Noticed a starcursed mass
   141 | Abyss:1  | Noticed an eye of draining
   142 | D:1      | Escaped the Abyss
   518 | D:1      | Reached XP level 2. HP: 21/24 MP: 3/3
   543 | D:1      | Reached * piety under Lugonu
   909 | D:1      | Reached XP level 3. HP: 18/29 MP: 4/4
  1649 | D:2      | Slain by a worm

Vault maps used:
D:1:      dpeg_arrival_morbid_curiosity
D:2:      gammafunk_temple_overflow_elements, lemuel_round_altar,
          item_on_display_b

Skill      XL: |  1  2  3 |
---------------+----------+-----
Armour         | 3 |  3.1
Fighting       | |  3.7
Axes           | |  2.8
Dodging        | |  0.8
Invocations    | |  2.1

Action                   || total
-------------------------++-------
Melee: Hand axe          ||   118
Invok: Depart the Abyss  ||     1
  Eat: Chunk             ||     2
Armor: Ring mail         ||    68
Dodge: Dodged            ||    99
